 Seeded DCSS version 0.31-a0-222-gefeffbb62a (webtiles) character file.

Game seed: 14784897493659367010 (custom seed)

176 innerfire43 the Chopper (level 5, -1/42 HPs)
             Began as a Demonspawn Monk on July 5, 2023.
             Slain by a kobold brigand
             ... wielding a +0 dagger
              (5 damage)
             ... in a sewer.
             The game lasted 00:02:39 (2036 turns).

innerfire43 the Chopper (Demonspawn Monk)           Turns: 2036, Time: 00:02:40

Health: -1/42      AC:  6    Str: 13    XL:     5   Next: 30%
Magic:  5/5        EV: 12    Int: 12    God:
Gold:   224        SH:  6    Dex: 15    Spells: 4/4 levels left

rFire   . . .        a - +0 hand axe
rCold   . . .        p - +2 buckler {AC+3}
rNeg    . . .        b - +0 robe
rPois   .            q - +1 hat
rElec   .            (no cloak)
rCorr   .            (no gloves)
SInv    .            (no boots)
Will    .....        (no amulet)
Stlth   +            (no ring)
HPRegen 0.27/turn    (no ring)
MPRegen 0.09/turn

%: no passive effects
@: very slow
A: foul stench 1
a: no special abilities


You were in a sewer.
You visited 1 branch of the dungeon, and saw 3 of its levels.
You also visited: Sewer.

You collected 224 gold pieces.

Inventory:

Hand Weapons
 a - a +0 hand axe (weapon)
Armour
 b - a +0 robe (worn)
 d - an orb of light
 p - a +2 buckler of protection (worn)
 q - a +1 hat (worn)
Scrolls
 g - a scroll of silence {unknown}
 h - a scroll of enchant weapon {unknown}
 i - a scroll of fear {unknown}
 j - a scroll of poison {unknown}
 k - a scroll of torment {unknown}
 m - 5 scrolls of immolation {unknown}
 n - 3 scrolls of teleportation {unknown}
 o - a scroll of blinking
 r - a scroll of noise {unknown}
Potions
 e - 2 potions of lignification {unknown}
 f - a potion of degeneration {unknown}
 l - a potion of mutation {unknown}
 s - a potion of heal wounds {unknown}


   Skills:
 + Level 3.8 Fighting
 * Level 4.1 Axes
 + Level 3.4 Dodging
 * Level 1.4 Shields


You had 4 spell levels left.
You didn't know any spells.
Your spell library contained the following spells:

 Spells                   Type           Power      Damage    Failure   Level
 Sandblast                Erth           0%         2d4       41%         1
 Slow                     Hex            0%         N/A       41%         1
 Passwall                 Tmut/Erth      0%         N/A       56%         2
 Confusing Touch          Hex            0%         N/A       80%         3
 Gell's Gravitas          Tloc           0%         N/A       80%         3
 Stone Arrow              Conj/Erth      0%         3d7       80%         3
 Teleport Other           Tloc           0%         N/A       80%         3
 Vampiric Draining        Necr           0%         2d6       80%         3
 Olgreb's Toxic Radiance  Pois           0%         N/A       99%         4
 Dispersal                Tloc           0%         N/A       100%        6
 Discord                  Hex            0%         N/A       100%        8
 Ignition                 Fire           0%         3d3       100%        8


Dungeon Overview and Level Annotations

Branches:
Dungeon (3/15)              Sewer (1/1)

Altars:


Innate Abilities, Weirdness & Mutations

You may rarely emit foul miasma when damaged in melee.


Message History

The kobold brigand hits you with a +0 short sword.
The kobold brigand hits you with a +0 dagger.
The kobold hits you but does no damage.
Unknown command.
You slash the kobold brigand!
The kobold brigand is almost dead.
You hit the kobold brigand. You hit the kobold.
You kill the kobold!
The kobold brigand splashes around in the water.
The kobold brigand hits you with a +0 dagger.
* * * LOW HITPOINT WARNING * * *
Your unstable footing causes you to fumble your attack.
The kobold brigand hits you with a +0 short sword.
* * * LOW HITPOINT WARNING * * *
The kobold brigand splashes around in the water. x2
Unknown command.
You hit the kobold brigand.
You kill the kobold brigand!
You hear a splash. x2
You completely miss the kobold brigand. The kobold brigand barely misses you.
Your Axes skill increases to level 4!
Your Shields skill increases to level 1!
You have reached level 5!
Your unstable footing causes you to fumble your attack.
You block the kobold brigand's attack. The kobold brigand closely misses you.
You hit the kobold brigand.
The kobold brigand is heavily wounded.
The kobold brigand splashes around in the water.
Your unstable footing causes you to fumble your attack.
The kobold brigand hits you with a +0 dagger.
* * * LOW HITPOINT WARNING * * *
You hit the kobold brigand but do no damage.
The kobold brigand is heavily wounded.
The kobold brigand splashes around in the water.
You hit the kobold brigand.
The kobold brigand is severely wounded.
You block the kobold brigand's attack.
Your unstable footing causes you to fumble your attack.
The kobold brigand hits you with a +0 dagger.
You die...

### #∩# ############
###.###.~....~...# #
####.....~....~~~~~.# ..
≈≈~~~~~~~~~~~~~≈≈≈~~#...
≈≈≈≈≈≈≈≈≈≈≈≈≈≈≈≈≈≈~.....
≈≈≈~~~~≈~~~~~~~≈≈≈~.#
####...~.~.~..~~@)~.#
#######~~~~.~K)~.#
##~######### #~# #~# #~#
#~# #~# #~#


You could see a kobold brigand.

Vanquished Creatures
  A kobold brigand (Sewer)
  A river rat (Sewer)
  2 adders (D:2)
  A worm (D:3)
  7 ball pythons
  7 bats
  4 endoplasms
  3 giant cockroaches
  3 goblins (D:1)
  6 hobgoblins
  5 jackals
  3 quokkas (D:3)
  5 frilled lizards
  15 kobolds
  11 rats
74 creatures vanquished.

Notes
Turn   | Place    | Note
-------+----------+-------------------------------------------
     0 | D:1      | innerfire43 the Demonspawn Monk began the quest for the
                  | Orb.
     0 | D:1      | Reached XP level 1. HP: 18/18 MP: 1/1
   137 | D:1      | Reached skill level 3 in Axes
   137 | D:1      | Gained mutation: You may rarely emit foul miasma when
                  | damaged in melee. [demonic ancestry]
   137 | D:1      | Reached XP level 2. HP: 24/24 MP: 2/2
   510 | D:1      | Reached XP level 3. HP: 29/29 MP: 3/3
  1201 | D:2      | Reached XP level 4. HP: 33/35 MP: 4/4
  1489 | D:2      | Identified a scroll of acquirement
  1489 | D:2      | Acquired a +2 buckler of protection
  1870 | D:3      | Found a glowing drain.
  1892 | Sewer    | Entered a sewer
  1996 | Sewer    | Noticed a kobold brigand
  1997 | Sewer    | Noticed a kobold brigand
  2030 | Sewer    | Killed a kobold brigand
  2031 | Sewer    | Reached skill level 4 in Axes
  2031 | Sewer    | Reached skill level 1 in Shields
  2031 | Sewer    | Reached XP level 5. HP: 5/42 MP: 5/5
  2036 | Sewer    | Slain by a kobold brigand

Illustrated notes

Levels and vault maps discovered:
D:1:      tarquinn_simple_flora_water_f, layout_loops_ring,
          shapermc_ecumenical_altar_petra
D:2:      layout_basic, basic_altar, serial_bayou_pond_b,
          chequers_serial_rivers_micro_b, nrook_uturn, minmay_pentomino_pile
D:3:      layout_loops_ring, mainiacjoe_overflow_six_doors_small,
          general_overflow_altar, portal_sewer_entry_f, minmay_hedge_maze,
          st_stairs_5
Sewer:    sewer_kobolds

Skill      XL: |  1  2  3  4 |
---------------+-------------+-----
Axes           | 3 4 |  4.1
Dodging        | 3 |  3.4
Shields        | 1 |  1.4
Fighting       | |  3.8

Action                     |  1- 3 |  4- 6 || total
---------------------------+-------+-------++-------
  Melee: Hand axe          |   118 |   102 ||   220
    Use: Scroll            |       |     2 ||     2
         Potion            |       |     1 ||     1
   Stab: Sleeping          |       |     1 ||     1
 Armour: Robe              |    20 |    36 ||    56
  Dodge: Dodged            |   100 |    56 ||   156
  Block: Buckler           |       |    28 ||    28

Table legend: (Time is in decaauts)
 A = Elapsed time spent in this place.
 B = Non-inter-level travel time spent in this place.
 C = Inter-level travel time spent in this place.
 D = Time resting spent in this place.
 E = Time spent auto-exploring this place.
 F = Levels seen in this place.
 G = Mean time per level.
                   A        B        C        D        E       F      G
               +--------+--------+--------+--------+--------+-----+--------+
         Total |   2090 |   2059 |     31 |      0 |   1586 |   4 |  522.5 |
       Dungeon |   1922 |   1891 |     31 |      0 |   1489 |   3 |  640.7 |
         Sewer |    168 |    168 |      0 |      0 |     97 |   1 |  168.0 |
               +--------+--------+--------+--------+--------+-----+--------+

Top non-repeatable levels by time:
     D:1: 853 daAuts
     D:2: 695 daAuts
     D:3: 372 daAuts
   Sewer: 168 daAuts
